 Dungeon Crawl Stone Soup version 0.30-a0-137-gd8773701ce (webtiles) character file.

Game seed: 7408948488725228520

211484 ragingrage the Stickfighter (level 19, 0/150 HPs)
             Began as a Gnoll Wanderer on Sept 22, 2022.
             Was the Champion of Cheibriados.
             Slain by a bone dragon (11 damage)
             ... on level 4 of the Swamp on Sept 23, 2022.
             The game lasted 01:03:03 (45265 turns).

ragingrage the Stickfighter (Gnoll Wanderer)       Turns: 45265, Time: 01:03:04

Health: 0/150      AC: 28    Str: 40    XL:     19   Next: 29%
Magic:  37/37      EV: 20    Int: 30    God:    Cheibriados [******]
Gold:   3555       SH: 22    Dex: 29    Spells: 16/46 levels left

rFire   + . .      SeeInvis +    a - +9 demon trident
rCold   . . .      Faith    .    A - +0 tower shield
rNeg    . . .      Spirit   .    D - +2 storm dragon scales
rPois   +          Reflect  .    E - +2 helmet
rElec   +          Harm     .    r - +1 cloak {rPois}
rCorr   .          Rampage  .    b - +1 pair of gloves
Will    ++++.      Rage     50%  k - +0 pair of boots
Stlth   +++.......               B - necklace of Bloodlust {*Rage Will++ Int-3 Slay+6}
HPRegen 0.35/turn                K - ring "Xewi" {Str+4 Slay+6 SInv}
MPRegen 0.25/turn                f - ring of Hoecve {Drain rF+ Will+ Str+10}

@: wereblooded, on berserk cooldown, slowed, studying 2 skills, very slow
A: fangs 1, strong nose, distributed training
a: Renounce Religion, Bend Time, Temporal Distortion, Slouch, Step From Time


You were on level 4 of the Swamp.
You worshipped Cheibriados.
Cheibriados was exalted by your worship.
You visited 6 branches of the dungeon, and saw 31 of its levels.
You also visited: Ossuary, Bailey and Gauntlet.

You collected 4684 gold pieces.
You spent 1129 gold pieces at shops.

Inventory:

Hand Weapons
 a - a +9 demon trident (weapon)
Missiles
 j - 13 javelins (quivered)
 p - 10 silver boomerangs
 W - 9 curare-tipped darts
 X - 5 throwing nets
 Z - 6 silver javelins
Armour
 b - a +1 pair of gloves (worn)
 d - the +6 ring mail of Liberty {rF+ rCorr MP+9 Stlth-}
   (You found it on level 4 of the Lair of Beasts)

   rF:        It protects you from fire.
   MP:        It affects your magic capacity (+9).
   rCorr:     It protects you from acid and corrosion.
   Stlth:     It makes you less stealthy.
 k - a +0 pair of boots (worn)
 r - a +1 cloak of poison resistance (worn)
 A - a +0 tower shield (worn)
 D - +2 storm dragon scales (worn)
 E - a +2 helmet (worn)
 I - the +4 moon troll leather armour {Spirit, Regen++ MP+5}
   (You found it on level 4 of the Swamp)

   MP:        It affects your magic capacity (+5).
   Regen:     It increases your rate of health regeneration.
 V - a scarf of resistance
Jewellery
 f - the ring of Hoecve (right hand) {Drain rF+ Will+ Str+10}
   (You found it in a Gauntlet)

   [ring of protection from fire]

   Str:       It affects your strength (+10).
   rF:        It protects you from fire.
   Drain:     It drains your maximum health when unequipped.
   Will:      It increases your willpower.
 q - a ring of flight
 B - the necklace of Bloodlust (around neck) {*Rage Will++ Int-3 Slay+6}
   (You found it on level 5 of the Lair of Beasts)

   [amulet of nothing]

   It extends the wearer's berserk rage when killing foes.
   Int:       It affects your intelligence (-3).
   Slay:      It affects your accuracy & damage with ranged weapons and melee
   (+6).
   *Rage:     It berserks you when you make melee attacks (+50% chance).
   Will:      It greatly increases your willpower.
 K - the ring "Xewi" (left hand) {Str+4 Slay+6 SInv}
   (You took it off a minotaur in a Gauntlet)

   [ring of see invisible]

   Str:       It affects your strength (+4).
   Slay:      It affects your accuracy & damage with ranged weapons and melee
   (+6).
   SInv:      It lets you see invisible.
Wands
 e - a wand of light (21)
 t - a wand of paralysis (20)
 F - a wand of iceblast (12)
 H - a wand of flame (71)
 R - a wand of mindburst (15)
 Y - a wand of digging (15)
Scrolls
 h - 13 scrolls of poison
 l - 9 scrolls of teleportation
 m - 3 scrolls of enchant armour
 n - 3 scrolls of torment
 o - 3 scrolls of magic mapping
 x - 3 scrolls of blinking
 y - 10 scrolls of fear
 J - 6 scrolls of silence
 L - 2 scrolls of butterflies
 T - 2 scrolls of summoning
Potions
 c - 11 potions of brilliance
 g - 3 potions of ambrosia
 i - 2 potions of resistance
 s - 23 potions of curing
 u - 9 potions of heal wounds
 v - 3 potions of berserk rage
 w - 5 potions of cancellation
 z - 5 potions of flight
 C - 6 potions of lignification
 G - 7 potions of might
 M - 2 potions of magic
 O - 2 potions of mutation
 P - a potion of invisibility
 Q - 4 potions of haste
Miscellaneous
 N - a box of beasts
 S - a phial of floods
 U - a condenser vane


   Skills:
 + Level 13.5 Fighting
 + Level 13.2 Short Blades
 + Level 13.2 Long Blades
 + Level 15.4 Axes
 + Level 13.2 Maces & Flails
 + Level 13.5 Polearms
 + Level 16.3 Staves
 + Level 13.2 Ranged Weapons
 + Level 13.2 Throwing
 + Level 13.2 Armour
 + Level 13.5 Dodging
 + Level 13.2 Stealth
 + Level 13.2 Shields
 + Level 13.2 Unarmed Combat
 + Level 14.1 Spellcasting
 + Level 11.2 Conjurations
 + Level 11.2 Hexes
 + Level 11.2 Summonings
 + Level 11.2 Necromancy
 + Level 11.2 Translocations
 + Level 11.2 Transmutations
 + Level 11.2 Fire Magic
 + Level 11.2 Ice Magic
 + Level 11.2 Air Magic
 + Level 12.4 Earth Magic
 + Level 11.2 Poison Magic
 + Level 14.3 Invocations
 + Level 13.9 Evocations


You had 16 spell levels left.
You knew the following spells:

 Your Spells              Type           Power      Damage    Failure   Level
a - Wereblood             Tmut           73%        N/A       1%          2
b - Stone Arrow           Conj/Erth      100%       3d13      1%          3
c - Leda's Liquefaction   Hex/Erth       37%        N/A       1%          4
d - Sandblast             Erth           100%       2d20      1%          1
e - Irradiate             Conj/Tmut      36%        3d23      7%          5
f - Summon Forest         Summ/Tloc      36%        N/A       7%          5
g - Simulacrum            Ice/Necr       36%        N/A       36%         6
h - Manifold Assault      Tloc           73%        N/A       2%          4

Your spell library contained the following spells:

 Spells                   Type           Power      Damage    Failure   Level
 Apportation              Tloc           100%       N/A       1%          1
 Beastly Appendage        Tmut           100%       N/A       1%          1
 Magic Dart               Conj           100%       1d8       1%          1
 Shock                    Conj/Air       100%       1d9       1%          1
 Slow                     Hex            100%       N/A       1%          1
 Summon Small Mammal      Summ           100%       N/A       1%          1
 Blink                    Tloc           100%       N/A       1%          2
 Cigotuvi's Dreadful Rot  Necr/Pois/Air  100%       N/A       1%          2
 Passwall                 Tmut/Erth      62%        N/A       1%          2
 Poisonous Vapours        Pois/Air       100%       N/A       1%          2
 Searing Ray              Conj           100%       2d8       1%          2
 Sublimation of Blood     Necr           73%        N/A       1%          2
 Call Canine Familiar     Summ           73%        N/A       1%          3
 Confusing Touch          Hex            73%        N/A       1%          3
 Frozen Ramparts          Ice            100%       1d16      1%          3
 Gell's Gravitas          Tloc           73%        N/A       1%          3
 Kindle Blastsparks       Fire/Tloc/Air  100%       2d18      1%          3
 Lesser Beckoning         Tloc           73%        N/A       1%          3
 Ozocubu's Armour         Ice            73%        N/A       1%          3
 Portal Projectile        Hex/Tloc       100%       N/A       1%          3
 Spider Form              Tmut/Pois      73%        N/A       1%          3
 Summon Guardian Golem    Hex/Summ       73%        N/A       1%          3
 Swiftness                Air            73%        N/A       1%          3
 Teleport Other           Tloc           73%        N/A       1%          3
 Vampiric Draining        Necr           73%        2d11      1%          3
 Petrify                  Tmut/Erth      75%        N/A       1%          4
 Airstrike                Air            36%        2d(6-22)  2%          4
 Dispel Undead            Necr           73%        3d24      2%          4
 Fulminant Prism          Conj/Hex       36%        3d18      2%          4
 Ice Form                 Ice/Tmut       73%        N/A       2%          4
 Iskenderun's Mystic Bla  Conj/Tloc      73%        2d15      2%          4
 Summon Ice Beast         Ice/Summ       73%        N/A       2%          4
 Lee's Rapid Deconstruct  Erth           38%        3d20*     4%          5
 Alistair's Intoxication  Tmut/Pois      48%        N/A       7%          5
 Metabolic Englaciation   Hex/Ice        36%        N/A       7%          5
 Statue Form              Tmut/Erth      50%        N/A       30%         6
 Death Channel            Necr           36%        N/A       36%         6
 Dispersal                Tloc           36%        N/A       36%         6
 Ozocubu's Refrigeration  Ice            36%        4d15      91%         7
 Summon Hydra             Summ           36%        N/A       91%         7
 Chain Lightning          Conj/Air       36%        3d48      100%        9
 Fire Storm               Conj/Fire      36%        8d9       100%        9
 Shatter                  Erth           38%        3d30*     100%        9


Dungeon Overview and Level Annotations

Branches:
Dungeon (15/15)            Temple (1/1) D:6            Lair (5/5) D:9
  Swamp (4/4) Lair:3        Snake (4/4) Lair:3        Slime (0/5) Lair:5
    Orc (2/2) D:12            Elf (0/3) Orc:2        Vaults (0/5) D:13
 Depths (0/4) D:15        Ossuary (visited)          Bailey (visited)
Gauntlet (visited)

Altars:
Ashenzari
Cheibriados
Dithmenos
Elyvilon
Fedhas
Gozag
Hepliaklqana
Kikubaaqudgha
Makhleb
Nemelex Xobeh
Okawaru
Qazlal
Ru
Sif Muna
Trog
Uskayaw
Vehumet
Wu Jian
Xom
Yredelemnul
Zin
The Shining One
Jiyva

Shops:
D:3 *   D:6 *   D:8 *   D:10 [=   D:15 [   Orc:2 (([:   Snake:1 (*   Snake:2 *
Snake:3 :*((

Portals:
Hell: Lair:5

Annotations:
D:5 3 runed translucent doors, jimonade's ghost, novice FoHu
D:8 Erica
D:14 3 runed translucent doors
Lair:1 1 runed translucent door
Lair:5 1 runed translucent door
Snake:4 Vashnia


Innate Abilities, Weirdness & Mutations

You have very sharp teeth.
Your uncanny sense of smell can sniff out nearby items.
Your experience applies equally to all skills.


Message History

You block the eight-headed hydra zombie's attack.
The eight-headed hydra zombie barely misses you.
You barely miss the phantasmal warrior.
You bite the phantasmal warrior, but do no damage.
You block the phantasmal warrior's attack.
You block the phantom's attack.
The phantom hits you but does no damage.
You skewer the phantom like a kebab!!!
The necklace of Bloodlust glows a violent red.
You feel a bit better.
You destroy the phantom!
Cheibriados appreciates the change of pace.
You block the spectral six-headed hydra's attack.
The spectral six-headed hydra bites you but does no damage.
The spectral six-headed hydra barely misses you.
You block the spectral six-headed hydra's attack. x3
You block the phantasmal warrior's attack.
The phantasmal warrior hits you!
* * * LOW HITPOINT WARNING * * *
The phantom hits you but does no damage.
The swamp dragon zombie misses you. The swamp dragon zombie claws you.
* * * LOW HITPOINT WARNING * * *
The swamp dragon zombie closely misses you.
The eight-headed hydra zombie closely misses you.
The eight-headed hydra zombie bites you but does no damage.
The eight-headed hydra zombie completely misses you.
The eight-headed hydra zombie bites you but does no damage. x3
The eight-headed hydra zombie closely misses you.
The eight-headed hydra zombie bites you!
* * * LOW HITPOINT WARNING * * *
You barely miss the phantom.
You are no longer berserk.
You are exhausted.
You feel yourself slow down.
You block the phantasmal warrior's attack.
The phantom hits you but does no damage.
You block the phantasmal warrior's attack.
You block the phantom's attack. The bone dragon closely misses you.
The bone dragon claws you!
You die...

~~..###*∆,,,,,**
≈≈....###*,∆,..###
≈≈≈....°##**,,...#
≈≈≈#..°○.###*,...##
≈≈##≈.°....##**~~.##
≈#######....##*~Z.≈##
≈# **###°.≈###ZZ≈.#
## **,**##~...ZDZ≈≈#
# **∆,,,*##..!W@ZZ##
*,∆,,,**####WWW##
*,,,,,∆***#$W≈##
*,,,,,,,~~#.≈##
*,,,,,,,~~.≈##
***,,,,,,.≈≈*
***,,*#.##* ****##*


You could see a bone dragon, 3 phantasmal warriors, a spectral six-headed hydra,
a spectral five-headed hydra, 2 phantoms, an eight-headed hydra zombie, a
seven-headed hydra zombie, a six-headed hydra zombie, a four-headed hydra zombie
and a swamp dragon zombie.

Vanquished Creatures
  Mara (Swamp:3)
  Nikola (Swamp:3)
  Jorgrun (Orc:2)
  A thorn hunter (Swamp:4)
  Kirke (Swamp:2)
  4 nagarajas
  A frost giant (D:14)
  An orc warlord (Orc:2)
  A very ugly thing (D:15)
  Azrael (Orc:2)
  3 eleionomae
  Nessos (Lair:3)
  3 dire elephants
  A minotaur (Gauntlet)
  Snorg (Orc:2)
  Josephine (D:13)
  4 vault guards (D:13)
  A ghost crab (Swamp:1)
  14 hydras
  A salamander tyrant (Snake:4)
  A rakshasa (D:14)
  A spriggan air mage (Swamp:3)
  An ogre mage (D:15)
  2 catoblepae (D:13)
  10 alligators
  7 anacondas
  3 centaur warriors
  11 two-headed ogres
  11 naga warriors
  A boulder beetle (Lair:4)
  A death scarab (Gauntlet)
  A death knight (D:13)
  4 death yaks
  Urug (D:11)
  2 orc high priests (Orc:2)
  2 spriggan berserkers (Swamp:3)
  5 tengu warriors
  11 naga sharpshooters
  9 shock serpents
  Sonja (Lair:3)
  3 skeletal warriors (D:13)
  Amaemon (Lair:3)
  A sixfirhy (Lair:5)
  7 goliath frogs
  A fire crab (Gauntlet)
  A glowing orange brain (D:15)
  3 swamp dragons
  6 salamander mystics
  A death drake (Swamp:4)
  An orange crystal statue (D:14)
  8 bog bodies
  7 spriggan druids
  2 lindwurms
  5 naga ritualists
  5 deep elf pyromancers
  3 orc knights
  A spectral hydra (Swamp:4)
  An oklob plant (Gauntlet)
  6 cyclopes
  3 will-o-the-wisps
  6 mana vipers
  A manticore (D:11)
  5 salamanders
  2 orc sorcerers (Orc:2)
  5 ugly things
  An elephant (shapeshifter) (D:15)
  2 guardian serpents (shapeshifter)
  6 elephants
  41 black mambas
  17 naga magi
  An ice statue (D:15)
  Joseph (D:8)
  A guardian serpent (Snake:2)
  2 gargoyles
  A smoke demon (Lair:5)
  2 torpor snails
  7 komodo dragons
  2 swamp worm zombies (Swamp:4)
  2 orange demons
  14 cane toads
  Psyche (D:11)
  2 unseen horrors
  3 ice devils (Lair:5)
  6 rime drakes
  A freezing wraith (D:14)
  A red devil (Lair:5)
  2 tengu conjurers (Gauntlet)
  A hydra zombie (Swamp:4)
  11 tyrant leeches
  A bloated husk (Swamp:3)
  8 trolls
  9 slime creatures
  6 polar bears
  12 hornets
  12 blink frogs
  3 alligator zombies (Swamp:4)
  A spectral dream sheep (Gauntlet)
  3 spectral swamp dragons (Swamp:4)
  20 spriggans
  2 centaur simulacra (D:14)
  52 yaks
  2 shadows
  5 wyverns
  11 wraiths
  2 vampires
  A culicivora (shapeshifter) (D:14)
  4 fire bats (Gauntlet)
  Eustachio (D:6)
  3 fire elementals (Orc:2)
  9 basilisks
  3 steam dragons
  12 vampire mosquitoes
  A redback simulacrum (D:14)
  2 wargs
  35 nagas
  15 swamp worms
  2 acid dragons (Gauntlet)
  7 hell hounds
  24 water moccasins
  A swamp drake (Swamp:3)
  28 orc warriors
  A black bear (Lair:3)
  2 sky beasts (D:7)
  6 wolves (Lair:3)
  10 ogres
  12 centaurs
  3 phantoms
  5 kobold brigands
  10 bullfrogs
  2 gnoll sergeants
  A necrophage (D:5)
  4 scorpions
  7 wights
  A hornet simulacrum (D:14)
  5 killer bees (D:8)
  4 electric eels
  6 vampire bats (Bailey)
  5 wolf zombies (Bailey)
  5 howler monkeys
  A lava snake (D:12)
  4 hounds
  2 jellies
  2 gnoll boudas
  15 orc priests
  13 hell rats
  Ijyb (D:4)
  17 orc wizards
  9 iguanas
  2 spectral swamp drakes (Swamp:4)
  8 mummies (Ossuary)
  19 gnolls
  8 adders
  2 white imps
  4 worms
  4 dart slugs
  89 orcs
  7 ball pythons
  4 bats
  4 endoplasms
  6 giant cockroaches
  10 goblins
  9 hobgoblins
  2 quokkas
  3 training dummies (Snake:3)
  4 frilled lizards
  A gnoll zombie (Ossuary)
  2 hobgoblin zombies (Ossuary)
  32 kobolds
  3 kobold zombies (Ossuary)
  22 orc zombies
  6 rats
1042 creatures vanquished.

Vanquished Creatures (collateral kills)
  An eleionoma (Swamp:1)
1 creature vanquished.

Vanquished Creatures (others)
  An eleionoma (Swamp:3)
  A spriggan (Swamp:3)
  A wizard (Lair:5)
  2 swamp dragons (Swamp:3)
  A rime drake (D:14)
  2 bloated husks
  A hornet (Swamp:3)
  An alligator zombie (Swamp:4)
  A swamp worm (Swamp:2)
  An orc (Orc:2)
  3 bushes (Lair:2)
  18 foxfires
  63 fungi
  154 plants
  A snaplasher vine (Swamp:3)
  6 toadstools (Lair:1)
257 creatures vanquished.

Grand Total: 1300 creatures vanquished

Notes
Turn   | Place    | Note
-------+----------+-------------------------------------------
     0 | D:1      | ragingrage the Gnoll Wanderer began the quest for the Orb.
     0 | D:1      | ragingrage set off with the following items: a +0 spear, a
                  | +0 helmet, a potion of brilliance, a +0 leather armour; and
                  | the following spell memorised: Sandblast; and the following
                  | spells available to memorise: Passwall, Stone Arrow.
     0 | D:1      | Reached XP level 1. HP: 17/17 MP: 6/6
   267 | D:1      | Reached XP level 2. HP: 23/23 MP: 1/7
   986 | D:2      | Reached skill level 5 in Spellcasting
   986 | D:2      | Reached XP level 3. HP: 28/28 MP: 6/9
  1247 | D:2      | Reached skill level 1 in Invocations
  1338 | D:2      | Reached skill level 1 in Short Blades
  1338 | D:2      | Reached skill level 1 in Long Blades
  1338 | D:2      | Reached skill level 1 in Axes
  1338 | D:2      | Reached skill level 1 in Maces & Flails
  1338 | D:2      | Reached skill level 1 in Staves
  1338 | D:2      | Reached skill level 1 in Ranged Weapons
  1338 | D:2      | Reached skill level 1 in Throwing
  1338 | D:2      | Reached skill level 1 in Armour
  1338 | D:2      | Reached skill level 1 in Stealth
  1338 | D:2      | Reached skill level 1 in Shields
  1338 | D:2      | Reached skill level 1 in Unarmed Combat
  1446 | D:2      | Reached XP level 4. HP: 34/34 MP: 8/11
  1783 | D:2      | Reached skill level 1 in Conjurations
  1783 | D:2      | Reached skill level 1 in Hexes
  1783 | D:2      | Reached skill level 1 in Summonings
  1783 | D:2      | Reached skill level 1 in Necromancy
  1783 | D:2      | Reached skill level 1 in Translocations
  1783 | D:2      | Reached skill level 1 in Transmutations
  1783 | D:2      | Reached skill level 1 in Fire Magic
  1783 | D:2      | Reached skill level 1 in Ice Magic
  1783 | D:2      | Reached skill level 1 in Air Magic
  1783 | D:2      | Reached skill level 1 in Poison Magic
  2223 | D:3      | Reached XP level 5. HP: 40/40 MP: 6/12
  2507 | D:3      | Learned a level 3 spell: Stone Arrow
  2584 | D:3      | Found Rujiun's General Store.
  2594 | D:3      | Found an ancient bone altar of Kikubaaqudgha.
  2596 | D:3      | Bought a potion of curing for 30 gold pieces
  2596 | D:3      | Bought a potion of heal wounds for 50 gold pieces
  2931 | D:3      | Found a hide-covered altar of Uskayaw.
  3150 | D:4      | Found a hazy altar of Hepliaklqana.
  3510 | D:4      | Reached XP level 6. HP: 37/47 MP: 11/14
  3679 | D:4      | Reached skill level 5 in Evocations
  3706 | D:4      | Reached skill level 2 in Staves
  3739 | D:4      | Noticed Ijyb
  3745 | D:4      | Killed Ijyb
  4505 | D:5      | Entered Level 5 of the Dungeon
  4569 | D:5      | Reached XP level 7. HP: 52/52 MP: 11/15
  4860 | D:5      | Reached skill level 3 in Staves
  4860 | D:5      | Reached XP level 8. HP: 60/60 MP: 10/16
  5123 | D:5      | Found a runed translucent gate.
  5123 | D:5      | Found a runed translucent gate.
  5123 | D:5      | Found a runed translucent gate.
  5124 | D:5      | Noticed jimonade's ghost (novice FoHu)
  5425 | D:5      | Found a broken altar of Ashenzari.
  5598 | D:6      | Found Daudown's Gadget Gallery.
  5731 | D:6      | Found a staircase to the Ecumenical Temple.
  5737 | Temple   | Entered the Ecumenical Temple
  5784 | Temple   | Became a worshipper of Cheibriados the Contemplative
  5824 | D:6      | Noticed Eustachio
  5840 | D:6      | Killed Eustachio
  5969 | D:6      | Found a burning altar of Makhleb.
  5969 | D:6      | Found an iron altar of Okawaru.
  6303 | D:6      | Got the Monograph on Orientation
  6453 | D:6      | Found a shimmering altar of Xom.
  6988 | D:7      | Found a flagged portal.
  7030 | Bailey   | Entered a bailey
  7086 | Bailey   | Reached * piety under Cheibriados
  7486 | Bailey   | Reached XP level 9. HP: 55/66 MP: 7/18
  7496 | Bailey   | Reached skill level 4 in Staves
  7776 | Bailey   | Reached skill level 5 in Fighting
  7776 | Bailey   | Reached skill level 5 in Polearms
  7776 | Bailey   | Reached skill level 5 in Dodging
  7826 | Bailey   | Reached ** piety under Cheibriados
  7852 | Bailey   | Identified the +0 robe of Bierihi {*Slow Fly rN+}
  7908 | Bailey   | Noticed a gargoyle
  7916 | Bailey   | Killed a gargoyle
  8041 | Bailey   | Reached skill level 5 in Invocations
  8063 | Bailey   | Identified the +6 dagger "Hug Veto" {vorpal, rElec MP+9
                  | Int-3 SInv}
  8408 | D:7      | Reached skill level 5 in Short Blades
  8408 | D:7      | Reached skill level 5 in Long Blades
  8408 | D:7      | Reached skill level 5 in Axes
  8408 | D:7      | Reached skill level 5 in Maces & Flails
  8408 | D:7      | Reached skill level 5 in Staves
  8408 | D:7      | Reached skill level 5 in Ranged Weapons
  8408 | D:7      | Reached skill level 5 in Throwing
  8408 | D:7      | Reached skill level 5 in Armour
  8408 | D:7      | Reached skill level 5 in Stealth
  8408 | D:7      | Reached skill level 5 in Shields
  8408 | D:7      | Reached skill level 5 in Unarmed Combat
  8408 | D:7      | Reached XP level 10. HP: 74/76 MP: 4/20
  8506 | D:7      | Reached *** piety under Cheibriados
  8844 | D:7      | Found a sparkling altar of Nemelex Xobeh.
  9080 | D:8      | Found a sand-covered staircase.
  9093 | D:8      | Noticed Joseph
  9100 | Ossuary  | Entered an ossuary
  9361 | D:8      | Killed Joseph
  9465 | D:8      | Found Xehiku's Neck Hole.
  9472 | D:8      | Bought a scarf of resistance for 448 gold pieces
  9510 | D:8      | Noticed Erica
  9727 | D:8      | Reached **** piety under Cheibriados
 10217 | D:9      | Found an opulent altar of Gozag.
 10476 | D:9      | Found a blossoming altar of Fedhas.
 10844 | D:9      | Found a staircase to the Lair.
 10907 | D:9      | Reached ***** piety under Cheibriados
 11194 | D:9      | Found an ornate altar of the Wu Jian Council.
 11228 | D:10     | Entered Level 10 of the Dungeon
 11615 | D:10     | Found Umuapes's Antique Armour Shoppe.
 11804 | D:10     | Reached skill level 6 in Staves
 11811 | D:10     | Reached skill level 5 in Conjurations
 11811 | D:10     | Reached skill level 5 in Hexes
 11811 | D:10     | Reached skill level 5 in Summonings
 11811 | D:10     | Reached skill level 5 in Necromancy
 11811 | D:10     | Reached skill level 5 in Translocations
 11811 | D:10     | Reached skill level 5 in Transmutations
 11811 | D:10     | Reached skill level 5 in Fire Magic
 11811 | D:10     | Reached skill level 5 in Ice Magic
 11811 | D:10     | Reached skill level 5 in Air Magic
 11811 | D:10     | Reached skill level 5 in Poison Magic
 11811 | D:10     | Reached XP level 11. HP: 26/83 MP: 2/22
 12221 | D:10     | Found Bucur's Jewellery Emporium.
 12949 | D:11     | Noticed Urug
 12954 | D:11     | Killed Urug
 13231 | D:11     | Noticed Psyche
 13232 | D:11     | Noticed a deep elf pyromancer
 13236 | D:11     | Killed Psyche
 13238 | D:11     | Killed a deep elf pyromancer
 13734 | D:11     | Noticed a manticore
 13955 | D:11     | Killed a manticore
 14287 | Lair:1   | Entered Level 1 of the Lair of Beasts
 14586 | Lair:1   | Reached skill level 7 in Staves
 14591 | Lair:1   | Learned a level 4 spell: Leda's Liquefaction
 14624 | Lair:1   | Noticed a dire elephant
 14624 | Lair:1   | Noticed a dire elephant
 14644 | Lair:1   | Found a runed translucent door.
 14861 | Lair:1   | Noticed a lindwurm
 14866 | Lair:1   | Killed a lindwurm
 14867 | Lair:1   | Reached XP level 12. HP: 80/91 MP: 9/24
 15791 | Lair:2   | Found a gate leading to a gauntlet.
 15826 | Lair:2   | Reached XP level 13. HP: 99/99 MP: 17/26
 15827 | Lair:2   | Reached skill level 8 in Staves
 15827 | Lair:2   | Reached XP level 14. HP: 106/106 MP: 17/27
 15829 | Gauntlet | Entered a Gauntlet
 15829 | Gauntlet | Found a transporter.
 15829 | Gauntlet | Found a transporter.
 15829 | Gauntlet | Found a transporter.
 15830 | Gauntlet | Found a transporter.
 15877 | Gauntlet | Found a transporter.
 15887 | Gauntlet | Found a transporter.
 15954 | Gauntlet | Found a transporter.
 15964 | Gauntlet | Found a transporter.
 15979 | Gauntlet | Found a transporter.
 15991 | Gauntlet | Found a transporter.
 16004 | Gauntlet | Found a transporter.
 16010 | Gauntlet | Found a transporter.
 16116 | Gauntlet | Reached skill level 10 in Spellcasting
 16336 | Gauntlet | Identified the ring of Hoecve {Drain rF+ Will+ Str+10}
 16518 | Gauntlet | Identified the ring "Xewi" {Str+4 Slay+6 SInv}
 16538 | Gauntlet | Got the Essays on the Terrestrial Glacier
 16574 | Lair:2   | Found an ancient bone altar of Kikubaaqudgha.
 16623 | Lair:2   | Identified a scroll of acquirement
 16623 | Lair:2   | Acquired 902 gold pieces
 16627 | Lair:2   | Reached ****** piety under Cheibriados
 16725 | Lair:2   | Reached skill level 10 in Evocations
 17156 | Lair:2   | You fall into a shaft and drop 1 floor!
 17168 | Lair:3   | Reached skill level 9 in Staves
 18186 | Lair:3   | Noticed Amaemon
 18409 | Lair:3   | Killed Amaemon
 18534 | Lair:3   | Noticed Sonja
 18540 | Lair:3   | Killed Sonja
 18689 | Lair:3   | Found a staircase to the Snake Pit.
 18707 | Lair:3   | Reached skill level 10 in Invocations
 18729 | Lair:3   | Found a staircase to the Swamp.
 18950 | Lair:3   | Noticed Nessos
 18957 | Lair:3   | Killed Nessos
 19279 | Lair:3   | Noticed a dire elephant
 19528 | Lair:3   | Killed a dire elephant
 19529 | Lair:3   | Reached skill level 10 in Staves
 20091 | Lair:4   | Reached XP level 15. HP: 115/115 MP: 17/29
 20457 | Lair:4   | Reached skill level 10 in Fighting
 20457 | Lair:4   | Reached skill level 10 in Polearms
 20457 | Lair:4   | Reached skill level 10 in Dodging
 21034 | Lair:4   | Identified the +6 ring mail of Liberty {rF+ rCorr MP+9
                  | Stlth-}
 21596 | Lair:4   | Learned a level 2 spell: Wereblood
 21861 | Lair:4   | Reached skill level 10 in Earth Magic
 22170 | Lair:5   | Entered Level 5 of the Lair of Beasts
 22173 | Lair:5   | Reached skill level 11 in Staves
 22180 | Lair:4   | Reached skill level 10 in Short Blades
 22180 | Lair:4   | Reached skill level 10 in Long Blades
 22180 | Lair:4   | Reached skill level 10 in Axes
 22180 | Lair:4   | Reached skill level 10 in Maces & Flails
 22180 | Lair:4   | Reached skill level 10 in Ranged Weapons
 22180 | Lair:4   | Reached skill level 10 in Throwing
 22180 | Lair:4   | Reached skill level 10 in Armour
 22180 | Lair:4   | Reached skill level 10 in Stealth
 22180 | Lair:4   | Reached skill level 10 in Shields
 22180 | Lair:4   | Reached skill level 10 in Unarmed Combat
 22363 | Lair:5   | Found a runed translucent door.
 22364 | Lair:5   | Found a viscous altar of Jiyva.
 22365 | Lair:5   | Found a staircase to the Slime Pits.
 22365 | Lair:5   | Noticed an acid blob
 22760 | Lair:5   | Learned a level 5 spell: Irradiate
 23425 | Lair:5   | Found a burning altar of Makhleb.
 23431 | Lair:5   | Found a gateway to Hell.
 23431 | Lair:5   | Found the necklace of Bloodlust {*Rage Will++ Int-3 Slay+6}
 23519 | Lair:5   | Identified the +5 pair of gloves of Ganigyen {-Cast rF++
                  | Str+3}
 24225 | D:12     | Found a staircase to the Orcish Mines.
 24345 | D:12     | Found a basalt altar of Yredelemnul.
 24929 | D:13     | Noticed Josephine
 24944 | D:13     | Killed Josephine
 25376 | D:13     | Reached skill level 12 in Staves
 25376 | D:13     | Reached XP level 16. HP: 121/121 MP: 31/31
 25620 | D:13     | Found a gate to the Vaults.
 26545 | Orc:1    | Entered Level 1 of the Orcish Mines
 26921 | Orc:2    | Entered Level 2 of the Orcish Mines
 26922 | Orc:2    | Found a staircase to the Elven Halls.
 27171 | Orc:2    | Noticed Jorgrun
 27185 | Orc:2    | Killed Jorgrun
 27491 | Orc:2    | Noticed Snorg
 27499 | Orc:2    | Killed Snorg
 28896 | Orc:2    | Found Zeiqid's Book Emporium.
 29029 | Orc:2    | Noticed Azrael
 29041 | Orc:2    | Killed Azrael
 29189 | Orc:2    | Reached skill level 13 in Staves
 29377 | Orc:2    | Found Fygir's Antique Weapon Boutique.
 29378 | Orc:2    | Found Nunid's Antique Armour Shop.
 29385 | Orc:2    | Bought a steaming scale mail for 225 gold pieces
 29385 | Orc:2    | Identified the +1 scale mail of Wuople Muc {Str+4 Int-4
                  | Dex+4 SInv} (You bought it in a shop on level 2 of the
                  | Orcish Mines)
 29490 | Orc:2    | Found Ysuiq's Weapon Shop.
 29794 | D:14     | Found a runed translucent door.
 29812 | D:14     | Found a runed translucent door.
 29829 | D:14     | Found a runed translucent door.
 29843 | D:14     | Found a runed translucent door.
 29957 | D:14     | Identified the +4 broad axe of the Hungering Gods {freeze,
                  | +Blink Will+ Int+2}
 30097 | D:14     | Identified the +1 ice dragon scales of Space {rF- rC++
                  | rCorr}
 31398 | D:15     | Entered Level 15 of the Dungeon
 31732 | D:15     | Found a staircase to the Depths.
 32020 | D:15     | Reached XP level 17. HP: 133/133 MP: 33/33
 32058 | D:15     | Found Jodel's Armour Shop.
 32704 | D:15     | Bought a +1 cloak of poison resistance for 162 gold pieces
 32710 | D:15     | Learned a level 5 spell: Summon Forest
 32717 | D:15     | Learned a level 6 spell: Simulacrum
 33460 | Snake:1  | Entered Level 1 of the Snake Pit
 33915 | Snake:1  | Learned a level 4 spell: Manifold Assault
 33976 | Snake:1  | Found Mazsyzu's Merry Market.
 34377 | Snake:1  | Reached skill level 14 in Staves
 34400 | Snake:1  | Found Jiobuudgh's Antique Weapon Emporium.
 34773 | Snake:2  | Reached skill level 10 in Conjurations
 34773 | Snake:2  | Reached skill level 10 in Hexes
 34773 | Snake:2  | Reached skill level 10 in Summonings
 34773 | Snake:2  | Reached skill level 10 in Necromancy
 34773 | Snake:2  | Reached skill level 10 in Translocations
 34773 | Snake:2  | Reached skill level 10 in Transmutations
 34773 | Snake:2  | Reached skill level 10 in Fire Magic
 34773 | Snake:2  | Reached skill level 10 in Ice Magic
 34773 | Snake:2  | Reached skill level 10 in Air Magic
 34773 | Snake:2  | Reached skill level 10 in Poison Magic
 35255 | Snake:2  | Found Muddieha's Overcharged Wands.
 36696 | Snake:3  | Found Ajigh's General Store.
 36696 | Snake:3  | Found Dilaw's Book Emporium.
 36755 | Snake:3  | Bought a potion of curing for 48 gold pieces
 36755 | Snake:3  | Bought a scroll of fear for 64 gold pieces
 36755 | Snake:3  | Bought a scroll of teleportation for 48 gold pieces
 36836 | Snake:3  | Found Wadyxt's Firing Range.
 36843 | Snake:3  | Bought a throwing net for 54 gold pieces
 37818 | Snake:3  | Found Axost's Weapon Emporium.
 38079 | Snake:4  | Entered Level 4 of the Snake Pit
 38602 | Snake:4  | Reached XP level 18. HP: 125/141 MP: 32/35
 39126 | Snake:4  | Reached skill level 15 in Staves
 39689 | Snake:4  | Noticed Vashnia
 39900 | Swamp:1  | Entered Level 1 of the Swamp
 40909 | Swamp:1  | Identified the +7 hand axe of Indomitability {freeze, rPois
                  | rCorr Int+3 Stlth+}
 42004 | Swamp:2  | Noticed Kirke
 42012 | Swamp:2  | Killed Kirke
 42246 | Swamp:3  | Noticed Nikola
 42268 | Swamp:3  | Killed Nikola
 42519 | Swamp:3  | Noticed Mara
 42522 | Swamp:3  | Noticed ragingrage's illusion
 42902 | Swamp:3  | Killed Mara
 42903 | Swamp:3  | Reached skill level 15 in Axes
 43278 | Swamp:3  | Reached skill level 16 in Staves
 43283 | Swamp:3  | Reached XP level 19. HP: 149/149 MP: 36/36
 43800 | Swamp:4  | Entered Level 4 of the Swamp
 44694 | Swamp:4  | Found the +4 moon troll leather armour {Spirit, Regen++
                  | MP+5}
 45257 | Swamp:4  | Noticed a bone dragon
 45265 | Swamp:4  | Slain by a bone dragon

Illustrated notes

Levels and vault maps discovered:
D:1:      ncdulo_wetmaze, layout_basic
D:2:      layout_loops_ring
D:3:      layout_loops_corners, mainiacjoe_overflow_catwalk,
          mainiacjoe_overflow_alcove_2, serial_shops, shop, chequers_avenue,
          amcnicky_mini_pool_small, st_stairs_7
D:4:      layout_basic, mainiacjoe_overflow_paths, dreamdust_princess_corridor,
          minivault_5, uniq_ijyb
D:5:      minmay_skewed_foursquare, layout_loops_ring,
          nicolae_overflow_hidden_temple, gammafunk_ghost_necromancy,
          chequers_serial_rivers_micro_d
D:6:      layout_loops_ring, lemuel_tele_altar, amethyst_overflow_temple_binary,
          minmay_temple_entry_wispy, skrybe_limestone_x, nicolae_shop_gadgets,
          uniq_eustachio
D:7:      layout_basic, mainiacjoe_overflow_24_doors, enter_bailey_5,
          grunt_ministairs_1
D:8:      layout_basic, enter_ossuary_3, kennysheep_small_spiral,
          nicolae_shop_sticking_my_neck_out, uniq_joseph, uniq_erica
D:9:      layout_roguey, mainiacjoe_overflow_big_doors, fedhas_altar_4,
          lair_entry_dummy
D:10:     layout_roguey, serial_shops, shop, nicolae_take_the_stairs,
          minmay_misc_feat_five
D:11:     layout_irregular_city, hangedman_corner_corridor, uniq_urug,
          uniq_psyche
D:12:     layout_rooms, orc_0_dummy, dreamdust_mushroom_princess,
          nicolae_lava_and_water, yredelemnul_altar_generic
D:13:     minmay_octagon_keep, layout_loops_ring,
          lightli_vaults_fourway_checkpoint, uniq_josephine
D:14:     minmay_coctagon, layout_basic, minmay_misc_feat_tower,
          minmay_statue_crystal_thing
D:15:     gammafunk_enter_depths_forms, layout_long_grid, serial_shops,
          nicolae_shop_competitors_out_of_business,
          portal_ice_cave_entry_ice_statue_one
Temple:   hellmonk_temple_of_storms
Lair:1:   gammafunk_lair_enchanted_lake, layout_loops_ring,
          nicolae_lair_lindhole
Lair:2:   layout_roguey, gauntlet_entry_generic, basic_altar
Lair:3:   layout_small_grid, minmay_swamp_entry_swarm,
          minmay_snake_entry_six_corridors, nicolae_lair_lakeside_cave,
          serial_bayou_shore_a, uniq_sonja, uniq_nessos, uniq_amaemon
Lair:4:   layout_cave_pods, nicolae_quartered_pool_little,
          infiniplex_staircase_pool_2, grunt_megastairs_2
Lair:5:   evil_forest, layout_gridlike, slime_entry_2, minmay_hedge_maze
Swamp:1:  layout_falls_marsh, nicolae_swamp_orc_logging_accident,
          nicolae_swamp_baby_hydras, infiniplex_staircase_pool
Swamp:2:  layout_falls_marsh, evilmike_swamp_ruin_house_2, uniq_kirke
Swamp:3:  nicolae_swamp_secret_spriggan_hideout, layout_basic_swamp,
          hangedman_swamp_blocks, uniq_nikola, uniq_mara
Swamp:4:  swamp_pestilence, layout_basic_swamp, swamp_pool4
Snake:1:  layout_onion, serial_shops, nicolae_shop_behind_doors,
          nicolae_alphabet_shops, st_stairs_1, serial_bayou_pond_d
Snake:2:  layout_rooms, grunt_ministairs_15, nicolae_shop_overcharged_wands
Snake:3:  layout_honeycomb, serial_shops, shop, nicolae_shop_hallway_plus,
          nicolae_shop_waterfront, nicolae_shop_firing_range
Snake:4:  snake_pit, layout_basic, nicolae_snake_snakes_in_the_grass,
          uniq_vashnia
Orc:1:    layout_caves
Orc:2:    grunt_orc_community_town_hall, layout_caves,
          grunt_orc_community_big_house_1, grunt_orc_community_big_house_1,
          grunt_orc_community_house_1, grunt_orc_community_house_2,
          grunt_orc_community_house_1, grunt_orc_community_house_3,
          grunt_orc_community_house_2, uniq_snorg, uniq_jorgrun, uniq_azrael

Skill      XL: |  1  2  3  4  5  6  7  8  9 10 11 12 13 14 15 16 17 18 19 |
---------------+----------------------------------------------------------+-----
Spellcasting   | 5 6 7 8 9 10 11 12 13 14 | 14.1
Invocations    | 1 2 3 4 5 6 7 8 9 10 11 12 13 14 | 14.3
Short Blades   | 1 2 3 5 6 7 8 9 10 11 12 13 | 13.2
Long Blades    | 1 2 3 5 6 7 8 9 10 11 12 13 | 13.2
Axes           | 1 2 3 5 6 7 8 9 10 12 13 15 | 15.4
Maces & Flails | 1 2 3 5 6 7 8 9 10 11 12 13 | 13.2
Staves         | 1 2 3 5 6 7 8 10 12 13 14 16 | 16.3
Ranged Weapons | 1 2 3 5 6 7 8 9 10 11 12 13 | 13.2
Throwing       | 1 2 3 5 6 7 8 9 10 11 12 13 | 13.2
Armour         | 1 2 3 5 6 7 8 9 10 11 12 13 | 13.2
Stealth        | 1 2 3 5 6 7 8 9 10 11 12 13 | 13.2
Shields        | 1 2 3 5 6 7 8 9 10 11 12 13 | 13.2
Unarmed Combat | 1 2 3 5 6 7 8 9 10 11 12 13 | 13.2
Conjurations   | 1 2 3 4 5 6 7 8 9 10 11 | 11.2
Hexes          | 1 2 3 4 5 6 7 8 9 10 11 | 11.2
Summonings     | 1 2 3 4 5 6 7 8 9 10 11 | 11.2
Necromancy     | 1 2 3 4 5 6 7 8 9 10 11 | 11.2
Translocations | 1 2 3 4 5 6 7 8 9 10 11 | 11.2
Transmutations | 1 2 3 4 5 6 7 8 9 10 11 | 11.2
Fire Magic     | 1 2 3 4 5 6 7 8 9 10 11 | 11.2
Ice Magic      | 1 2 3 4 5 6 7 8 9 10 11 | 11.2
Air Magic      | 1 2 3 4 5 6 7 8 9 10 11 | 11.2
Poison Magic   | 1 2 3 4 5 6 7 8 9 10 11 | 11.2
Fighting       | 3 4 5 6 7 8 9 10 11 12 13 | 13.5
Polearms       | 3 4 5 6 7 8 9 10 11 12 13 | 13.5
Dodging        | 3 4 5 6 7 8 9 10 11 12 13 | 13.5
Evocations     | 5 6 7 8 9 10 11 12 13 | 13.9
Earth Magic    | 6 7 8 9 10 11 12 | 12.4

Action                   |  1- 3 |  4- 6 |  7- 9 | 10-12 | 13-15 | 16-18 | 19-21 || total
-------------------------+-------+-------+-------+-------+-------+-------+-------++-------
Melee: Spear             |     9 |     7 |    37 |       |       |       |       ||    53
       Bite              |     1 |       |     8 |    14 |    47 |   114 |    14 ||   198
       Punch             |       |       |     4 |     1 |       |       |       ||     5
       Glaive            |       |       |     7 |    68 |       |       |       ||    75
       Demon trident     |       |       |       |     6 |   378 |  1137 |   172 ||  1693
       Trident           |       |       |       |     2 |       |       |       ||     2
Throw: Dart              |       |       |       |       |     3 |       |       ||     3
       Boomerang         |       |       |       |       |     2 |       |       ||     2
       Javelin           |       |       |       |       |       |    18 |     8 ||    26
       Throwing net      |       |       |       |       |       |     1 |       ||     1
 Cast: Sandblast         |    42 |    77 |   155 |   163 |    61 |       |       ||   498
       Stone Arrow       |       |     2 |    31 |    72 |   244 |       |       ||   349
       Leda's Liquefacti |       |       |       |     5 |     7 |       |       ||    12
       Wereblood         |       |       |       |       |     5 |    69 |    11 ||    85
       Manifold Assault  |       |       |       |       |       |    33 |       ||    33
       Summon Forest     |       |       |       |       |       |     1 |       ||     1
Invok: Slouch            |       |       |       |       |     4 |     3 |       ||     7
       Step From Time    |       |       |       |       |       |     1 |       ||     1
Evoke: Wand              |       |       |     8 |     3 |     4 |     4 |     1 ||    20
       Condenser vane    |       |       |       |       |     2 |     3 |       ||     5
       Box of beasts     |       |       |       |       |       |     3 |       ||     3
       Phial of floods   |       |       |       |       |       |     2 |       ||     2
  Use: Potion            |       |     1 |     2 |     1 |     3 |     5 |     1 ||    13
       Scroll            |       |       |     5 |    11 |    14 |     7 |     1 ||    38
 Stab: Sleeping          |       |     1 |       |     2 |     5 |    10 |       ||    18
       Paralysed         |       |       |     1 |       |     3 |       |     3 ||     7
       Distracted        |       |       |       |       |     4 |     8 |       ||    12
       Invisible         |       |       |       |       |     1 |     2 |       ||     3
Armor: Leather armour    |     6 |     5 |    51 |    81 |    95 |       |       ||   238
       Ring mail         |       |       |       |       |    58 |       |       ||    58
       Storm dragon scal |       |       |       |       |    19 |   308 |   116 ||   443
Dodge: Dodged            |     7 |    20 |   134 |   210 |   578 |   606 |   156 ||  1711
Block: Buckler           |       |       |       |       |   244 |   209 |       ||   453
       Tower shield      |       |       |       |       |       |   471 |   242 ||   713

Table legend: (Time is in decaauts)
 A = Elapsed time spent in this place.
 B = Non-inter-level travel time spent in this place.
 C = Inter-level travel time spent in this place.
 D = Time resting spent in this place.
 E = Time spent auto-exploring this place.
 F = Levels seen in this place.
 G = Mean time per level.
                   A        B        C        D        E       F      G
               +--------+--------+--------+--------+--------+-----+--------+
         Total |  63914 |  58341 |   5573 |  11913 |  36696 |  34 | 1879.8 |
       Dungeon |  25813 |  22964 |   2849 |   3833 |  15719 |  15 | 1720.9 |
        Temple |     73 |     35 |     38 |      0 |     24 |   1 |   73.0 |
          Lair |  14481 |  12983 |   1498 |   1613 |   9485 |   5 | 2896.2 |
         Swamp |   8191 |   7805 |    386 |   2295 |   3991 |   4 | 2047.8 |
     Snake Pit |   8778 |   8245 |    533 |   2241 |   4576 |   4 | 2194.5 |
  Orcish Mines |   3991 |   3724 |    267 |   1143 |   2001 |   2 | 1995.5 |
       Ossuary |    340 |    340 |      0 |      0 |    223 |   1 |  340.0 |
        Bailey |   1244 |   1244 |      0 |    530 |    310 |   1 | 1244.0 |
      Gauntlet |    999 |    999 |      0 |    256 |    365 |   1 |  999.0 |
               +--------+--------+--------+--------+--------+-----+--------+

Top non-repeatable levels by time:
  Lair:3: 4478 daAuts
  Lair:4: 2906 daAuts
    D:14: 2884 daAuts
    D:13: 2752 daAuts
  Lair:5: 2747 daAuts
   Orc:2: 2717 daAuts
 Swamp:3: 2576 daAuts
 Snake:3: 2348 daAuts
    D:11: 2330 daAuts
    D:10: 2288 daAuts
 Snake:4: 2278 daAuts
  Lair:2: 2229 daAuts
 Snake:2: 2219 daAuts
    D:15: 2132 daAuts
  Lair:1: 2119 daAuts
